 Dungeon Crawl Stone Soup version 0.30.1-3-gfc49f6343a (webtiles) character file.

Game seed: 7518250476793441275

827 GeoRichter the Slasher (level 7, -4/50 HPs)
             Began as a Demonspawn Hunter on Aug 4, 2023.
             Was a Believer of Wu Jian.
             Slain by an ogre
             ... wielding a +0 giant spiked club
              (32 damage)
             ... on level 5 of the Dungeon.
             The game lasted 00:05:40 (3504 turns).

GeoRichter the Slasher (Demonspawn Hunter)          Turns: 3504, Time: 00:05:41

Health: -4/50      AC:  7    Str: 14    XL:     7   Next: 64%
Magic:  16/16      EV: 12    Int: 10    God:    Wu Jian [**....]
Gold:   133        SH:  0    Dex: 21    Spells: 6/6 levels left

rFire   + . .        r - +9 short sword of Spontaneous Combustion {flame, Str+3 Dex+2}
rCold   . . .        (no shield)
rNeg    . . .        c - +0 leather armour
rPois   +            k - +2 helmet
rElec   .            (no cloak)
rCorr   .            p - +0 pair of gloves
SInv    .            (no boots)
Will    +....        (no amulet)
Stlth   ++           s - ring "Aqoikengun" {rPois rF+ Will+ MP+9}
HPRegen 0.28/turn    (no ring)
MPRegen 0.15/turn

%: no passive effects
@: no status effects
A: demonic guardian 1, weakness stinger 2
a: Renounce Religion, Wall Jump


You were on level 5 of the Dungeon.
You worshipped Wu Jian.
Wu Jian was pleased with you.
You visited 1 branch of the dungeon, and saw 5 of its levels.

You collected 269 gold pieces.
You spent 136 gold pieces at shops.

Inventory:

Hand Weapons
 e - a +0 long sword
   (You found it on level 1 of the Dungeon)
 r - the +9 short sword of Spontaneous Combustion (weapon) {flame, Str+3 Dex+2}
   (You bought it in a shop on level 1 of the Dungeon)

   Str:       It affects your strength (+3).
   Dex:       It affects your dexterity (+2).
Missiles
 z - 6 boomerangs (quivered)
Armour
 c - a +0 leather armour (worn)
 k - a +2 helmet (worn)
   (You found it on level 2 of the Dungeon)
 l - a +0 scale mail
   (You found it on level 2 of the Dungeon)
 p - a +0 pair of gloves (worn)
   (You found it on level 3 of the Dungeon)
Jewellery
 s - the ring "Aqoikengun" (left hand) {rPois rF+ Will+ MP+9}
   (You found it on level 3 of the Dungeon)

   [ring of poison resistance]

   rF:        It protects you from fire.
   rPois:     It protects you from poison.
   MP:        It affects your magic capacity (+9).
   Will:      It increases your willpower.
 t - the ring "Vynaoffy" {Fly Will- rCorr Str+5}
   (You took it off a kobold on level 3 of the Dungeon)

   [ring of resist corrosion]

   Str:       It affects your strength (+5).
   Fly:       It grants you flight.
   rCorr:     It protects you from acid and corrosion.
   Will:      It decreases your willpower.
Scrolls
 b - 4 scrolls of immolation {!r}
 d - 2 scrolls of enchant weapon {unknown}
 f - a scroll of enchant armour {unknown}
 g - a scroll of acquirement {unknown}
 h - a scroll of identify {@r1}
 j - a scroll of blinking {unknown}
 m - 3 scrolls of teleportation {unknown}
 o - 2 scrolls of fog
 y - a scroll of amnesia {unknown}
Potions
 a - a potion of mutation {!q}
 i - a potion of lignification {!q}
 n - a potion of attraction {!q}
 q - a potion of might {unknown}
 u - a potion of degeneration {unknown}
 v - a potion of haste {unknown}
 w - 2 potions of curing {unknown}
 x - a potion of cancellation {unknown}


   Skills:
 - Level 2.0 Fighting
 * Level 7.4 Long Blades
 - Level 4.3 Ranged Weapons
 - Level 1.7 Dodging
 - Level 0.8 Stealth


You had 6 spell levels left.
You didn't know any spells.
Your spell library contained the following spells:

 Spells                   Type           Power      Damage    Failure   Level
 Beastly Appendage        Tmut           0%         N/A       43%         1
 Freeze                   Ice            0%         1d3       43%         1
 Slow                     Hex            0%         N/A       43%         1
 Sting                    Tmut/Pois      0%         1d3       43%         1
 Poisonous Vapours        Pois/Air       0%         N/A       58%         2
 Wereblood                Tmut           0%         N/A       58%         2
 Call Canine Familiar     Summ           0%         N/A       82%         3
 Confusing Touch          Hex            0%         N/A       82%         3
 Frozen Ramparts          Ice            0%         1d1       82%         3
 Hailstorm                Conj/Ice       0%         3d3       82%         3
 Portal Projectile        Hex/Tloc       0%         N/A       82%         3
 Spider Form              Tmut/Pois      0%         N/A       82%         3
 Vampiric Draining        Necr           0%         2d6       82%         3
 Leda's Liquefaction      Hex/Erth       0%         N/A       99%         4
 Olgreb's Toxic Radiance  Pois           0%         N/A       99%         4


Dungeon Overview and Level Annotations

Branches:
Dungeon (5/15) Zot: 26460
 Temple: D:4-7

Altars:
Ashenzari
Hepliaklqana
Wu Jian

Shops:
D:1 (**


Innate Abilities, Weirdness & Mutations

A weak demonic guardian rushes to your aid.
You have a tail ending in a sharp stinger.


Message History

You miss the adder.
The adder is severely wounded.
The adder completely misses you.
You completely miss the adder.
The adder is severely wounded.
The adder bites you.
You hit the adder. You burn the adder.
The adder is almost dead.
The hound misses you. The adder barely misses you.
The hound bites you but does no damage.
You puncture the adder! You burn the adder.
You kill the adder!
The Council accepts your kill. The hound barely misses you.
You hit the hound. You burn the hound.
Your tail-slap misses the hound.
You punch the hound.
The hound is heavily wounded.
The hound bites you but does no damage.
A hound is nearby!
A hound is nearby!
You puncture the hound! You burn the hound.
You kill the hound!
The Council accepts your kill.
No target in view!
You see here a hound corpse.
You now have 133 gold pieces (gained 17).
Found a ring mail.
Found a scroll labelled DYJICK GIEZ.
Found 11 gold pieces.
An ogre comes into view. It is wielding a +0 giant spiked club.
An ogre is nearby!
An ogre is nearby!
You throw a boomerang. The boomerang hits the ogre.
The ogre is lightly wounded.
You throw a boomerang.
The boomerang hits the ogre but does no damage.
The ogre is lightly wounded.
You hit the ogre. You burn the ogre. You tail-slap the ogre.
The ogre is moderately wounded.
The ogre hits you with a +0 giant spiked club!!
A demonic guardian appears!
You puncture the ogre! You burn the ogre.
You tail-slap the ogre, but do no damage.
The ogre is severely wounded.
You hit the ogre. You burn the ogre.
Your tail-slap misses the ogre.
You punch the ogre.
The ogre is almost dead.
The ogre hits you with a +0 giant spiked club!!
Ouch! That really hurt!
You die...

#.## ##...[.#####.##..#
##.###..###.####...#..#
##.#...# #.....<#....#
##.#..# #.####...##.##
###..# #.............
#..# #.#####....... #..#
#.# ##..†.....
#..###...##.#......
#.@................
.......O#5..#.####......
######..$.#.... #......
#....#.... ####.##
...### .. #.# ##... .
#.# #..# #.## #..# #...
#.######


You could see an ogre (ally target) and a friendly iron imp (summoned).

Vanquished Creatures
  2 black bears
  A phantom (D:5)
  2 scorpions
  3 hounds (D:5)
  2 orc priests (D:4)
  5 orc wizards (D:4)
  9 adders
  An ufetubus (D:4)
  3 dart slugs
  A worm (D:2)
  5 orcs (D:4)
  9 endoplasms
  2 giant cockroaches
  5 goblins
  7 hobgoblins
  3 jackals (D:2)
  8 kobolds
  2 quokkas
  10 ball pythons
  10 bats
  3 frilled lizards
  4 rats
97 creatures vanquished.

Notes
Turn   | Place    | Note
-------+----------+-------------------------------------------
     0 | D:1      | GeoRichter the Demonspawn Hunter began the quest for the
                  | Orb.
     0 | D:1      | Reached XP level 1. HP: 16/16 MP: 1/1
    57 | D:1      | Gained mutation: You have a small tail. [demonic ancestry]
    57 | D:1      | Reached XP level 2. HP: 22/22 MP: 2/2
   301 | D:1      | Found Ecittiu's Assorted Antiques.
   346 | D:1      | Found Jitsy's Assorted Antiques.
   348 | D:1      | Found a faded altar of an unknown god.
   358 | D:1      | Prayed at the altar of an unknown god.
   358 | D:1      | Became a worshipper of the Wu Jian Council
   358 | D:1      | Reached * piety under Wu Jian
   405 | D:1      | Found Qiovat's Antique Weapon Boutique.
   567 | D:1      | Reached skill level 1 in Long Blades
   567 | D:1      | Reached XP level 3. HP: 23/27 MP: 3/3
   868 | D:1      | HP: 1/27 [poisoned by an adder]
   937 | D:2      | Reached skill level 2 in Long Blades
  1169 | D:2      | Reached XP level 4. HP: 24/33 MP: 4/4
  1344 | D:2      | You fall into a shaft and drop 1 floor!
  1831 | D:3      | Found a broken altar of Ashenzari.
  1897 | D:1      | Bought a steaming short sword for 136 gold pieces
  1897 | D:1      | Identified the +9 short sword of Spontaneous Combustion
                  | {flame, Str+3 Dex+2} (You bought it in a shop on level 1 of
                  | the Dungeon)
  1981 | D:3      | Reached ** piety under Wu Jian
  1989 | D:3      | Reached skill level 3 in Long Blades
  2005 | D:3      | Identified the ring "Aqoikengun" {rPois rF+ Will+ MP+9}
  2034 | D:3      | Identified the ring "Vynaoffy" {Fly Will- rCorr Str+5}
  2474 | D:4      | Gained mutation: You have a tail ending in a sharp stinger.
                  | [demonic ancestry]
  2474 | D:4      | Reached XP level 5. HP: 27/38 MP: 5/5
  2475 | D:4      | Reached skill level 4 in Long Blades
  2617 | D:4      | Reached XP level 6. HP: 38/44 MP: 6/6
  2833 | D:4      | Reached skill level 5 in Long Blades
  3015 | D:4      | Found a hazy altar of Hepliaklqana.
  3055 | D:4      | Reached skill level 6 in Long Blades
  3286 | D:5      | Entered Level 5 of the Dungeon
  3293 | D:5      | Gained mutation: A weak demonic guardian rushes to your
                  | aid. [demonic ancestry]
  3293 | D:5      | Reached XP level 7. HP: 50/50 MP: 7/7
  3375 | D:5      | Reached skill level 7 in Long Blades
  3504 | D:5      | Slain by an ogre

Illustrated notes

Levels and vault maps discovered:
D:1:      minmay_arrival_radiant_lines, layout_basic, basic_ecumenical_altar,
          serial_shops, shop, shop, shop
D:2:      minmay_wonky_spiral, layout_loops_ring, serial_forest,
          infiniplex_forest_corner_2, infiniplex_forest_lined_room_2,
          infiniplex_forest_straight_2, infiniplex_forest_end_3,
          infiniplex_forest_straight_4, infiniplex_forest_straight_4,
          minmay_circle_x
D:3:      layout_rooms, nicolae_ashenzari_panopticon, elyvilon_altar_5
D:4:      layout_rooms, nzn_hepliaklqana_mist_gate, serial_co_window_serial,
          co_window_of_opportunity_a, co_window_paths_b, co_window_paths_a,
          co_window_corner_a, co_window_corner_a, co_window_paths_a,
          co_window_corner_cb, co_window_2corner, co_window_paths_c,
          co_window_of_opportunity_b, co_window_corner_b, co_window_broadway_a,
          co_window_corner_b, co_window_4corner_b, glass_columns_a
D:5:      layout_loops_ring, nzn_wu_jian_contemplation, minmay_misc_feat_plants,
          corexii_item_surrounded_by_moat, uniq_crazy_yiuf_cottage

Skill      XL: |  1  2  3  4  5  6  7 |
---------------+----------------------+-----
Ranged Weapons | 4 |  4.3
Long Blades    | 1 2 3 4 6 7 |  7.4
Fighting       | |  2.0
Dodging        | |  1.7
Stealth        | |  0.8

Action                     |  1- 3 |  4- 6 |  7- 9 || total
---------------------------+-------+-------+-------++-------
  Melee: Long sword        |    97 |    23 |       ||   120
         Tailslap          |    11 |    10 |     7 ||    28
         Short sword       |       |    78 |    39 ||   117
         Punch             |       |     1 |     2 ||     3
   Fire: Shortbow          |    41 |       |       ||    41
  Throw: Boomerang         |       |    11 |     2 ||    13
Ability: Whirlwind         |    16 |     8 |       ||    24
         Lunge             |     5 |    12 |     2 ||    19
         Wall Jump         |       |     1 |       ||     1
    Use: Potion            |     1 |       |       ||     1
         Scroll            |       |     4 |       ||     4
   Stab: Sleeping          |     1 |     5 |       ||     6
 Armour: Leather armour    |    27 |    21 |    10 ||    58
         Scale mail        |    34 |    16 |       ||    50
  Dodge: Dodged            |    75 |    32 |    13 ||   120
